AoeStats
← Nargaburzum

Black Forest

509274296Analyzed
4v4 RM · 7d ago on Sep 26, 2026· 41m 3s· 8 players
Game mode
Random Map
Map size
Large (8 player)
Population
200
Speed
Normal
Resources
Standard
Victory
Conquest
Starting age
Dark Age
Ending age
Imperial Age
RankedLock teamsTeams togetherTeam positionsShared explorationLock speedFull tech treeHidden civsTurbo modeCheats
Victory
Defeat
🇲🇽 Dravidians · Mexico
1217
+17
🇮🇳 Danes · India
1193
+18
🇺🇸 Hindustanis · United States
1191
+18
🇹🇼 Lithuanians · Taiwan
1156
+19
🇨🇳 Persians · China
1321
-22
🇧🇴 Turks · Bolivia
1315
-21
🇬🇹 Khmer · Guatemala
1273
-20
🇺🇸 Magyars · United States
1013
-9
Nargaburzum
0:31 Loom
12:21 Feudal Age
16:04 Castle Age
14:09 Double-Bit Axe
15:00 Stone Mining
17:53 Fletching
22:34 Bow Saw
23:53 Scale Mail Armor
24:09 Horse Collar
25:36 Forging
26:25 Wheelbarrow
26:28 Heavy Plow
27:14 Chain Mail Armor
28:25 Iron Casting
31:35 Squires
31:55 Hand Cart
37:32 Imperial Age
39:58 Plate Mail Armor
39:23 Elite Urumi Swordsman
42:00 Blast Furnace
Отец
0:43 Loom
13:38 Feudal Age
14:06 Horse Collar
14:15 Double-Bit Axe
21:04 Castle Age
22:30 Heavy Plow
22:45 Bow Saw
23:58 Wheelbarrow
27:59 Hand Cart
31:14 Imperial Age
29:33 Murder Holes
29:55 Scale Mail Armor
30:16 Forging
32:56 Chemistry
34:04 Block Printing
34:59 Fletching
35:10 Padded Archer Armor
35:33 Elite Skirmisher
36:12 Bodkin Arrow
36:33 Chain Mail Armor
37:26 Pikeman
38:06 Squires
37:51 Arson
39:07 Conscription
nicebro
11:54 Feudal Age
17:18 Castle Age
15:03 Horse Collar
15:50 Double-Bit Axe
16:33 Gold Mining
18:27 Husbandry
19:51 Bloodlines
25:33 Heavy Plow
26:58 Bow Saw
31:40 Imperial Age
29:51 Wheelbarrow
29:02 Loom
29:59 Scale Barding Armor
30:04 Forging
30:52 Hand Cart
31:17 Stone Mining
31:24 Town Watch
31:37 Pikeman
32:18 Squires
32:03 Arson
32:42 Chain Barding Armor
32:58 Iron Casting
33:10 Stone Shaft Mining
33:13 Conscription
32:26 Elite Leitis
33:48 Crop Rotation
33:22 Town Patrol
35:21 Plate Barding Armor
34:50 Scale Mail Armor
34:40 Fletching
35:53 Chemistry
34:34 Treadmill Crane
39:36 Bodkin Arrow
40:07 Ballistics
40:24 Light Cavalry
41:34 Bracer
TigerOfThanjai
10:24 Feudal Age
14:41 Castle Age
13:13 Double-Bit Axe
13:38 Horse Collar
15:38 Wheelbarrow
27:03 Imperial Age
25:12 Scale Mail Armor
25:28 Forging
25:24 Heavy Plow
25:41 Bow Saw
25:26 Gold Mining
28:39 Squires
28:24 Arson
28:38 Onager
30:09 Stone Mining
30:06 Siege Onager
30:56 Loom
31:51 Elite Jomsviking
33:55 Northmen's Fury
35:19 Stone Shaft Mining
35:25 Gold Shaft Mining
35:58 Siege Engineers
37:11 Iron Casting
36:51 Chain Mail Armor
36:58 Chain Mail Armor
37:46 Chemistry
37:05 Hand Cart
38:31 Conscription
39:22 Blast Furnace
38:46 Hamask
EXILS_ANDRENUS
0:46 Loom
13:07 Feudal Age
17:37 Castle Age
16:01 Double-Bit Axe
17:38 Horse Collar
36:21 Crossbowman
EXILS_danmerchan10
11:45 Feudal Age
17:00 Double-Bit Axe
17:00 Horse Collar
20:14 Castle Age
23:51 Heavy Plow
Thonyyy
0:28 Loom
12:26 Feudal Age
17:27 Castle Age
15:21 Double-Bit Axe
15:18 Horse Collar
15:30 Gold Mining
26:49 Bow Saw
26:41 Heavy Plow
27:21 Gold Shaft Mining
26:43 Stone Mining
30:25 Imperial Age
29:26 Stone Shaft Mining
29:43 Wheelbarrow
28:54 Town Watch
29:38 Ballistics
29:14 Murder Holes
29:30 Fortified Wall
30:19 Town Patrol
30:57 Hand Cart
31:02 Husbandry
31:14 Bloodlines
30:28 Cavalier
31:21 Forging
31:16 Scale Barding Armor
32:15 Conscription
33:31 Chemistry
32:44 Fletching
32:54 Padded Archer Armor
32:51 Onager
33:02 Onager
33:11 Heavy Scorpion
34:30 Double Crossbow
34:06 Light Cavalry
35:19 Chain Barding Armor
35:35 Iron Casting
34:50 Hussar
38:54 Plate Barding Armor
39:21 Blast Furnace
40:15 Capped Ram
DSLG | GORDA CACHONDA
0:45 Loom
15:32 Feudal Age
20:23 Castle Age
21:29 Double-Bit Axe
21:28 Horse Collar
28:23 Imperial Age
28:53 Padded Archer Armor
30:02 Heavy Plow
33:16 Wheelbarrow
Connection lost

Rejoining the realm…

Still unreachable

The connection could not be restored.

Session expired

The server has moved on; the page needs a fresh start.